 Dungeon Crawl Stone Soup version 0.28-b1-1-g3c77fb2ed1 (webtiles) character file.

Game seed: 6172408323511116109

21085 iwittbrodt the Protected (level 12, 0/74 (76) HPs)
             Began as a Gnoll Wanderer on Jan 28, 2022.
             Was a Believer of the Shining One.
             Slain by a profane servitor (3 damage)
             ... on level 5 of the Abyss.
             The game lasted 00:50:59 (19394 turns).

iwittbrodt the Protected (Gnoll Wanderer)          Turns: 19394, Time: 00:51:00

HP:   0/74 (76)     AC: 23    Str: 16    XL:     12   Next: 86%
MP:   23/23         EV: 15    Int: 13    God:    the Shining One [**....]
Gold: 175           SH: 12    Dex: 24    Spells: 25/26 levels left

rFire   . . .      SeeInvis .   a - +3 rapier (venom)
rCold   . . .      Faith    .   G - +0 kite shield
rNeg    + . .      Spirit   .   d - +5 ring mail
rPois   .          Reflect  .   e - +0 helmet
rElec   .          Harm     .   E - +0 cloak
rCorr   .          Rampage  .   Q - +0 pair of gloves
Will    .....                   c - +0 pair of boots of Qoxamarr {Dex+7}
Stlth   ++++......              (no amulet)
HPRegen 0.00/turn               s - +4 ring of protection
MPRegen 0.18/turn               N - +6 ring of dexterity

@: inhibited regen, hasted, lightly drained, unable to read, very quick
A: fangs 1, strong nose, distributed training, inhibited regeneration, [frail
2], [inability to read while threatened]
a: Renounce Religion, Divine Shield


You were on level 5 of the Abyss.
You worshipped the Shining One.
The Shining One was pleased with you.
You visited 3 branches of the dungeon, and saw 13 of its levels.
You visited the Abyss 1 time.

You collected 635 gold pieces.
You spent 460 gold pieces at shops.

Inventory:

Hand Weapons
 a - a +3 rapier of venom (weapon)
 b - the +3 sling "Punk" {acid, rCorr}
   (You acquired it on level 6 of the Dungeon)

   Any ammunition fired from it is coated in acid, damaging and corroding those
   it strikes.
   rCorr:     It protects you from acid and corrosion.
Missiles
 l - 216 stones (quivered)
 m - 22 sling bullets
 p - 2 atropa-tipped darts
 t - 20 poisoned darts
Armour
 c - the +0 pair of boots of Qoxamarr (worn) {Dex+7}
   (You bought it in a shop on level 7 of the Dungeon)

   Dex:       It affects your dexterity (+7).
 d - a +5 ring mail (worn)
 e - a +0 helmet (worn)
 E - a +0 cloak (worn)
 G - a +0 kite shield (worn)
 Q - a +0 pair of gloves (worn)
Jewellery
 s - a +4 ring of protection (left hand)
 z - a ring of flight
 D - a ring of protection from fire
 K - a ring of positive energy
 N - a +6 ring of dexterity (right hand)
Wands
 r - a wand of iceblast (8)
 A - a wand of polymorph (12)
 I - a wand of mindburst (3)
 V - a wand of acid (5)
 W - a wand of flame (16)
Scrolls
 g - 3 scrolls of immolation
 h - a scroll of fog
 k - a scroll of fear
 L - 3 scrolls of magic mapping
 M - 2 scrolls of enchant weapon
 Y - a scroll of amnesia
Potions
 f - a potion of might
 i - 3 potions of lignification
 j - 3 potions of curing
 o - a potion of cancellation {unknown}
 q - a potion of brilliance {unknown}
 w - a potion of ambrosia
 F - 4 potions of attraction
 H - 2 potions of mutation
 J - 2 potions of haste
 T - a potion of flight {unknown}
 Z - 2 potions of invisibility {unknown}


   Skills:
 + Level 9.0 Fighting
 + Level 7.7 Short Blades
 + Level 7.7 Long Blades
 + Level 8.1 Axes
 + Level 7.7 Maces & Flails
 + Level 7.7 Polearms
 + Level 7.7 Staves
 + Level 7.7 Slings
 + Level 7.7 Bows
 + Level 7.7 Crossbows
 + Level 8.1 Throwing
 + Level 12.8 Armour
 + Level 8.1 Dodging
 + Level 7.7 Stealth
 + Level 7.7 Shields
 + Level 7.7 Unarmed Combat
 + Level 7.7 Spellcasting
 + Level 6.4 Conjurations
 + Level 6.4 Hexes
 + Level 6.4 Summonings
 + Level 6.4 Necromancy
 + Level 6.4 Translocations
 + Level 6.4 Transmutations
 + Level 6.4 Fire Magic
 + Level 6.4 Ice Magic
 + Level 6.4 Air Magic
 + Level 6.4 Earth Magic
 + Level 6.4 Poison Magic
 + Level 8.4 Invocations
 + Level 7.7 Evocations


You had 25 spell levels left.
You knew the following spells:

 Your Spells              Type           Power      Damage    Failure   Level
a - Apportation           Tloc           42%        N/A       4%          1

Your spell library contained the following spells:

 Spells                   Type           Power      Damage    Failure   Level
 Alistair's Intoxication  Tmut/Pois      14%        N/A       75%         5


Dungeon Overview and Level Annotations

Branches:
Dungeon (10/15)            Temple (1/1) D:7            Lair (2/6) D:10
  Swamp: Lair:2-4    Shoals: Lair:2-4     Snake: Lair:2-4    Spider: Lair:2-4
    Orc: D:9-12

Altars:
Ashenzari
Cheibriados
Dithmenos
Elyvilon
Fedhas
Gozag
Hepliaklqana
Kikubaaqudgha
Makhleb
Nemelex Xobeh
Okawaru
Qazlal
Ru
Sif Muna
Trog
Uskayaw
Vehumet
Wu Jian
Xom
Yredelemnul
Zin
The Shining One

Shops:
D:7 [

Annotations:
Lair:1 2 transporters
Lair:2 Sonja


Innate Abilities, Weirdness & Mutations

You have very sharp teeth.
Your uncanny sense of smell can sniff out nearby items.
Your experience applies equally to all skills.
You do not regenerate when monsters are visible.
[You are very frail. (-20% HP)]
[You sometimes lose the ability to read scrolls when taking damage.]


Message History

You feel threatened and lose the ability to read scrolls!
The profane servitor draws strength from your injuries!
The profane servitor freezes you.
The profane servitor hits you but does no damage.
You closely miss the profane servitor.
The thrashing horror completely misses you.
You block the thrashing horror's attack.
A thrashing horror comes into view.
The profane servitor hits you with a +2 whip of freezing!!
The profane servitor draws strength from your injuries!
The profane servitor freezes you.
* * * LOW HITPOINT WARNING * * *
The profane servitor hits you but does no damage.
You hit the thrashing horror.
The thrashing horror is lightly damaged.
The thrashing horror misses you.
The thrashing horror tramples you but does no damage.
The profane servitor hits you with a +2 whip of freezing.
* * * LOW HITPOINT WARNING * * *
The profane servitor draws strength from your injuries!
The profane servitor freezes you.
* * * LOW HITPOINT WARNING * * *
The profane servitor hits you but does no damage.
It was a potion of mutation.
You feel extremely strange.
Your regeneration stops near monsters.
The profane servitor hits you but does no damage.
The profane servitor hits you with a +2 whip of freezing.
* * * LOW HITPOINT WARNING * * *
The profane servitor freezes you.
* * * LOW HITPOINT WARNING * * *
The thrashing horror barely misses you. x2
You cannot read scrolls in your current state!
You cannot read scrolls in your current state!
It was a potion of magic.
Magic courses through your body.
You block the thrashing horror's attack.
The thrashing horror tramples you.
* * * LOW HITPOINT WARNING * * *
You hold your ground!
The profane servitor hits you with a +2 whip of freezing.
You die...

#..## ..# #.#
##......#.. #
# ##....#.##
#.#.##.# ## #
#####..##..#
#...#..##.##.#
##..#. .. #
##A##...# .#
#@## #.## #
##X.# ..#
X..#.## #.#..#
.# .# .. .. .#
. ..


You could see a profane servitor and 2 thrashing horrors.

Vanquished Creatures
  The ghost of Xixaub Eqygg the Grappler, a journeyman DrTm of Okawaru (D:10)
  2 hydras
  3 two-headed ogres
  A black mamba (Lair:1)
  6 elephants (Lair:1)
  Psyche (D:9)
  An unseen horror (D:9)
  3 cane toads
  4 komodo dragons (Lair:2)
  2 kobold demonologists
  A rime drake (Lair:1)
  A troll (D:10)
  3 polar bears
  Grinder (D:6)
  A tarantella (shapeshifter) (Abyss:3)
  3 blink frogs
  A centaur simulacrum (D:10)
  Sigmund (D:6)
  A basilisk (Lair:1)
  29 yaks
  4 wyverns
  Eustachio (D:5)
  A wraith (D:10)
  A steam dragon (D:10)
  An acid dragon (D:8)
  A water moccasin (Lair:2)
  A sky beast (D:7)
  5 orc warriors
  A necrophage (D:5)
  6 wolves
  4 centaurs
  A phantom (D:5)
  An ogre (D:7)
  12 bullfrogs
  9 scorpions
  A gnoll sergeant (D:5)
  8 killer bees (D:9)
  4 wights (D:10)
  An electric eel (Lair:1)
  2 howler monkeys (D:9)
  A bullfrog zombie (D:6)
  5 centaur zombies
  A jelly (D:5)
  2 orc priests
  A gnoll shaman (D:7)
  2 bullfrog skeletons
  A centaur skeleton (D:6)
  Jessica (D:2)
  3 iguanas
  4 orc wizards
  A hound skeleton (D:5)
  2 howler monkey zombies
  7 adders
  13 gnolls
  2 ufetubi
  2 worms
  2 dart slugs
  27 orcs
  5 ball pythons
  8 endoplasms
  2 giant cockroaches
  4 hobgoblins
  10 jackals
  7 kobolds
  4 quokkas
  5 bats
  5 frilled lizards
  4 goblins
  6 rats
268 creatures vanquished.

Vanquished Creatures (others)
  A bush (Lair:1)
  11 fungi
  67 plants
  8 starspawn tentacles (Abyss:3)
87 creatures vanquished.

Grand Total: 355 creatures vanquished

Notes
Turn   | Place    | Note
-------+----------+-------------------------------------------
     0 | D:1      | Reached skill level 10 in Armour
     0 | D:1      | iwittbrodt the Gnoll Wanderer began the quest for the Orb.
     0 | D:1      | iwittbrodt set off with the following items: a +1 hand axe,
                  | a +0 chain mail
     0 | D:1      | Reached XP level 1. HP: 20/20 MP: 1/1
   113 | D:1      | Found a faded altar of an unknown god.
   239 | D:1      | Reached XP level 2. HP: 16/26 MP: 2/2
  1084 | D:2      | Reached XP level 3. HP: 8/31 MP: 2/4
  1506 | D:2      | Reached skill level 1 in Invocations
  1825 | D:2      | Reached skill level 1 in Short Blades
  1825 | D:2      | Reached skill level 1 in Long Blades
  1825 | D:2      | Reached skill level 1 in Maces & Flails
  1825 | D:2      | Reached skill level 1 in Polearms
  1825 | D:2      | Reached skill level 1 in Staves
  1825 | D:2      | Reached skill level 1 in Slings
  1825 | D:2      | Reached skill level 1 in Bows
  1825 | D:2      | Reached skill level 1 in Crossbows
  1825 | D:2      | Reached skill level 1 in Stealth
  1825 | D:2      | Reached skill level 1 in Shields
  1825 | D:2      | Reached skill level 1 in Unarmed Combat
  1825 | D:2      | Reached skill level 1 in Spellcasting
  1825 | D:2      | Reached skill level 1 in Evocations
  1840 | D:2      | Reached XP level 4. HP: 30/38 MP: 5/5
  1986 | D:2      | Noticed Jessica
  1992 | D:2      | Killed Jessica
  2285 | D:2      | Reached skill level 1 in Conjurations
  2285 | D:2      | Reached skill level 1 in Hexes
  2285 | D:2      | Reached skill level 1 in Summonings
  2285 | D:2      | Reached skill level 1 in Necromancy
  2285 | D:2      | Reached skill level 1 in Translocations
  2285 | D:2      | Reached skill level 1 in Transmutations
  2285 | D:2      | Reached skill level 1 in Fire Magic
  2285 | D:2      | Reached skill level 1 in Ice Magic
  2285 | D:2      | Reached skill level 1 in Air Magic
  2285 | D:2      | Reached skill level 1 in Earth Magic
  2285 | D:2      | Reached skill level 1 in Poison Magic
  2470 | D:2      | Reached XP level 5. HP: 28/43 MP: 6/6
  3179 | D:4      | Identified a scroll of acquirement
  3179 | D:4      | Acquired a +2 rapier of venom
  3603 | D:4      | Found a shimmering altar of Xom.
  3984 | D:4      | Reached XP level 6. HP: 50/50 MP: 8/8
  4246 | D:5      | Entered Level 5 of the Dungeon
  4319 | D:5      | Reached skill level 5 in Fighting
  5204 | D:6      | Noticed Eustachio
  5335 | D:4      | Reached XP level 7. HP: 28/56 MP: 10/10
  5500 | D:5      | Killed Eustachio
  6479 | D:6      | Noticed Grinder
  6521 | D:6      | Paralysed by Grinder for 5 turns
  6798 | D:6      | Reached XP level 8. HP: 63/63 MP: 12/12
  6820 | D:6      | Acquired the +3 sling "Punk" {acid, rCorr}
  6820 | D:6      | Found the +3 sling "Punk" {acid, rCorr}
  6828 | D:6      | Noticed Sigmund
  6840 | D:6      | Killed Sigmund
  7102 | D:6      | Killed Grinder
  7103 | D:6      | Reached skill level 11 in Armour
  7758 | D:7      | Reached XP level 9. HP: 69/69 MP: 14/14
  7787 | D:7      | Found Juitsoc's Armour Shoppe.
  7795 | D:7      | Bought a +0 cloak for 67 gold pieces
  7975 | D:7      | Noticed a kobold demonologist
  7985 | D:7      | Killed a kobold demonologist
  8146 | D:7      | Found a staircase to the Ecumenical Temple.
  8199 | Temple   | Entered the Ecumenical Temple
  8387 | Temple   | Became a worshipper of the Shining One
  8654 | D:8      | Reached skill level 5 in Axes
  8654 | D:8      | Reached skill level 5 in Throwing
  8654 | D:8      | Reached skill level 5 in Dodging
  9405 | D:8      | Reached skill level 5 in Invocations
  9528 | D:8      | Noticed a two-headed ogre
  9661 | D:7      | Killed a two-headed ogre
  9662 | D:7      | Reached XP level 10. HP: 22/77 MP: 15/17
 10440 | D:9      | Reached skill level 5 in Short Blades
 10440 | D:9      | Reached skill level 5 in Long Blades
 10440 | D:9      | Reached skill level 5 in Maces & Flails
 10440 | D:9      | Reached skill level 5 in Polearms
 10440 | D:9      | Reached skill level 5 in Staves
 10440 | D:9      | Reached skill level 5 in Slings
 10440 | D:9      | Reached skill level 5 in Bows
 10440 | D:9      | Reached skill level 5 in Crossbows
 10440 | D:9      | Reached skill level 5 in Stealth
 10440 | D:9      | Reached skill level 5 in Shields
 10440 | D:9      | Reached skill level 5 in Unarmed Combat
 10440 | D:9      | Reached skill level 5 in Spellcasting
 10440 | D:9      | Reached skill level 5 in Evocations
 11162 | D:9      | Noticed a two-headed ogre
 11291 | D:9      | Killed a two-headed ogre
 11384 | D:9      | Noticed Psyche
 11491 | D:9      | Killed Psyche
 12012 | D:10     | Entered Level 10 of the Dungeon
 12182 | D:10     | Noticed a kobold demonologist
 12234 | D:9      | Killed a kobold demonologist
 12234 | D:9      | Reached * piety under the Shining One
 12271 | D:10     | Noticed an unseen horror
 12306 | D:9      | Killed an unseen horror
 12544 | D:9      | Reached XP level 11. HP: 84/84 MP: 19/19
 12796 | D:10     | Reached skill level 12 in Armour
 12814 | D:10     | Reached skill level 5 in Conjurations
 12814 | D:10     | Reached skill level 5 in Hexes
 12814 | D:10     | Reached skill level 5 in Summonings
 12814 | D:10     | Reached skill level 5 in Necromancy
 12814 | D:10     | Reached skill level 5 in Translocations
 12814 | D:10     | Reached skill level 5 in Transmutations
 12814 | D:10     | Reached skill level 5 in Fire Magic
 12814 | D:10     | Reached skill level 5 in Ice Magic
 12814 | D:10     | Reached skill level 5 in Air Magic
 12814 | D:10     | Reached skill level 5 in Earth Magic
 12814 | D:10     | Reached skill level 5 in Poison Magic
 12948 | D:10     | Noticed a two-headed ogre
 12956 | D:10     | Killed a two-headed ogre
 12959 | D:10     | Learned a level 1 spell: Apportation
 13000 | D:10     | Found a staircase to the Lair.
 13891 | Lair:1   | Entered Level 1 of the Lair of Beasts
 14183 | Lair:1   | You fall into a shaft and drop 1 floor!
 14183 | Lair:2   | Noticed a four-headed hydra
 14213 | Lair:2   | Killed a four-headed hydra
 14363 | Lair:1   | Reached ** piety under the Shining One
 14394 | Lair:1   | Noticed a six-headed hydra
 14823 | D:10     | Killed a six-headed hydra
 15063 | Lair:1   | Found a transporter.
 15103 | Lair:1   | Found a transporter.
 15104 | Lair:1   | Noticed a swamp dragon
 15225 | Lair:1   | Reached XP level 12. HP: 85/94 MP: 22/22
 15284 | Lair:1   | Found a large runed translucent door.
 15284 | Lair:1   | Found a large runed translucent door.
 15287 | Lair:1   | Noticed Xixaub Eqygg's ghost (journeyman DrTm)
 17581 | D:10     | Killed Xixaub Eqygg's ghost
 18094 | D:7      | Bought the +0 pair of boots of Qoxamarr {Dex+7} for 393
                  | gold pieces
 18942 | Lair:2   | Noticed Sonja
 18955 | Lair:2   | Cast into level 2 of the Abyss (Sonja)
 18965 | Abyss:3  | Found a corrupted altar of Lugonu.
 18979 | Abyss:3  | Found a corrupted altar of Lugonu.
 19037 | Abyss:3  | Noticed a tentacled starspawn
 19041 | Abyss:3  | Noticed a tentacled starspawn
 19060 | Abyss:3  | Found a corrupted altar of Lugonu.
 19081 | Abyss:3  | Noticed a tentacled starspawn
 19121 | Abyss:3  | Noticed a starcursed mass
 19129 | Abyss:4  | Found a corrupted altar of Lugonu.
 19173 | Abyss:5  | Entered Level 5 of the Abyss
 19180 | Abyss:5  | Noticed a thrashing horror
 19180 | Abyss:5  | Noticed a thrashing horror
 19240 | Abyss:5  | Noticed a wretched star
 19265 | Abyss:5  | HP: 4/93 [poisoned by an apocalypse crab (blast of chaos)]
 19332 | Abyss:5  | Noticed a thrashing horror
 19354 | Abyss:5  | Noticed a profane servitor
 19389 | Abyss:5  | Noticed a thrashing horror
 19389 | Abyss:5  | Noticed a thrashing horror
 19391 | Abyss:5  | Noticed a thrashing horror
 19393 | Abyss:5  | Gained mutation: You do not regenerate when monsters are
                  | visible. [potion of mutation]
 19394 | Abyss:5  | HP: 3/74 [thrashing horror (4)]
 19394 | Abyss:5  | Slain by a profane servitor

Illustrated notes

Levels and vault maps discovered:
D:1:      lemuel_arrival_broad_hall, layout_rooms,
          chequers_ecumenical_altar_simple
D:2:      layout_loops_cross, uniq_jessica
D:3:      layout_basic
D:4:      layout_loops_ring, tgw_xom
D:5:      layout_loops_corners
D:6:      layout_cave_pools, chequers_serial_rivers_small_b, uniq_grinder,
          uniq_eustachio, uniq_sigmund
D:7:      layout_basic, minmay_temple_entry_antechambers, serial_shops, shop,
          minmay_strange_pillars, serial_bayou_pond_c
D:8:      old_forge, layout_loops_ring, special_room [special_room_orc]
D:9:      layout_long_grid, uniq_psyche
D:10:     layout_cave_pods, minmay_lair_entry_grove, grunt_ministairs_13
Temple:   compressed_dpeg_circular_temple
Lair:1:   gammafunk_cloud_chamber, layout_regular_city,
          ebering_ghost_disaster_area, serial_bayou_lagoon_a
Lair:2:   layout_cave_pods, grunt_megastairs_1, uniq_sonja
Abyss:5:  base: Lair:2, hangedman_shadowy_showcase, minivault_4,
          evilmike_abyss_exit_mutagenic, small_statue_intersection,
          gammafunk_abyss_rune_reverse_zot, evilmike_abyss_exit_chaos,
          bh_abyss_xom_lugonu_altar

Skill      XL: |  1  2  3  4  5  6  7  8  9 10 11 12 |
---------------+-------------------------------------+-----
Armour         | 11 12 | 12.8
Invocations    | 1 2 3 4 5 6 7 8 |  8.4
Short Blades   | 1 2 3 4 5 6 7 |  7.7
Long Blades    | 1 2 3 4 5 6 7 |  7.7
Maces & Flails | 1 2 3 4 5 6 7 |  7.7
Polearms       | 1 2 3 4 5 6 7 |  7.7
Staves         | 1 2 3 4 5 6 7 |  7.7
Slings         | 1 2 3 4 5 6 7 |  7.7
Bows           | 1 2 3 4 5 6 7 |  7.7
Crossbows      | 1 2 3 4 5 6 7 |  7.7
Stealth        | 1 2 3 4 5 6 7 |  7.7
Shields        | 1 2 3 4 5 6 7 |  7.7
Unarmed Combat | 1 2 3 4 5 6 7 |  7.7
Spellcasting   | 1 2 3 4 5 6 7 |  7.7
Evocations     | 1 2 3 4 5 6 7 |  7.7
Conjurations   | 1 2 3 4 5 6 |  6.4
Hexes          | 1 2 3 4 5 6 |  6.4
Summonings     | 1 2 3 4 5 6 |  6.4
Necromancy     | 1 2 3 4 5 6 |  6.4
Translocations | 1 2 3 4 5 6 |  6.4
Transmutations | 1 2 3 4 5 6 |  6.4
Fire Magic     | 1 2 3 4 5 6 |  6.4
Ice Magic      | 1 2 3 4 5 6 |  6.4
Air Magic      | 1 2 3 4 5 6 |  6.4
Earth Magic    | 1 2 3 4 5 6 |  6.4
Poison Magic   | 1 2 3 4 5 6 |  6.4
Axes           | 3 4 5 6 7 8 |  8.1
Throwing       | 3 4 5 6 7 8 |  8.1
Dodging        | 3 4 5 6 7 8 |  8.1
Fighting       | 5 6 7 8 9 |  9.0

Action                   |  1- 3 |  4- 6 |  7- 9 | 10-12 || total
-------------------------+-------+-------+-------+-------++-------
Melee: Hand axe          |   136 |   107 |       |       ||   243
       Bite              |    10 |    18 |    41 |   125 ||   194
       Rapier            |       |    88 |   230 |   595 ||   913
 Fire: Fustibalus        |       |       |    31 |   128 ||   159
Throw: Dart              |       |       |     9 |       ||     9
       Stone             |       |       |     1 |       ||     1
 Cast: Apportation       |       |       |       |     2 ||     2
Invok: Divine Shield     |       |       |       |     2 ||     2
  Use: Scroll            |       |     8 |     4 |    14 ||    26
       Potion            |       |       |       |     6 ||     6
 Stab: Sleeping          |       |     1 |       |       ||     1
Armor: Ring mail         |    53 |   156 |   132 |   357 ||   698
       Skin              |       |       |       |     2 ||     2
Dodge: Dodged            |    79 |   199 |   140 |   419 ||   837
Block: Buckler           |     9 |    57 |    15 |       ||    81
       Kite shield       |       |       |   108 |   465 ||   573
       Other             |       |       |       |     2 ||     2
